Unix NetHack Version 3.7.0-73 Work-in-progress - last build Feb 17 2023 02:16:44 (48fe2e8c4a70f1d2d5b622443eb9b5bc1b8d05f7,branch:master). Game began 2023-02-20 23:19:31, ended 2023-02-21 02:56:26. Gandelf, neutral male human Monk --------------- |.............[### |............<| # |........%....| # ------------ |.............-(#[#### -C.........C| --------------- ### ..C.....| ### ----- | ### ## # # ----- ####################### |....## |...| --------------- |....#######.......**(....| |..^| |.........@....###### ### ----- |.........*...| --------------- Gandelf the Initiate St:17 Dx:14 Co:14 In:8 Wi:18 Ch:9 Neutral S:17231 Dlvl:6 $:1149 HP:0(72) Pw:47(47) AC:-6 Xp:9/3903 T:9639 Strngl Latest messages: Your stomach feels content. You can hear again. You see here 3 uncursed darts. N - an uncursed diamond. There is a grave here. Something is engraved here on the headstone. You read: "Gandelf, killed by a mumak". There are many objects here. l - a jade ring. There is a grave here. Something is engraved here on the headstone. You read: "Gandelf, killed by a mumak". There are many objects here. You see here a worthless piece of violet glass. I - 6 unlabeled scrolls. You see here a worthless piece of violet glass. w - a tan spellbook. You see here 3 uncursed darts. A - 3 uncursed darts. You see here a worthless piece of violet glass. You see here a worthless piece of violet glass. You see here a worthless piece of violet glass. There is a grave here. Something is engraved here on the headstone. You read: "Gandelf, killed by a mumak". There are many objects here. C - a spherical amulet. Your knapsack cannot accommodate any more items. What do you want to put on? [efloruzB-DHV or ?*] C It constricts your throat! C - an amulet of strangulation (being worn). What do you want to remove? [CZ or ?*] C You can't. It is cursed. What do you want to read? [pqstwIMQ or ?*] ? Never mind. Are you sure you want to pray? [yn] (n) y You begin praying to Chih Sung-tzu. You find it hard to breathe. You're gasping for air. You finish your prayer. You feel that Chih Sung-tzu is displeased. You can no longer breathe. You're turning blue. The yellow light explodes at a spot in thin air! You suffocate. Do you want your possessions identified? [ynq] (y) y Do you want to see your attributes? [ynq] (y) y Do you want an account of creatures vanquished? [ynaq] (y) y Do you want to see your conduct and achievements? [ynq] (y) y Do you want to see the dungeon overview? [ynq] (y) y Inventory: Coins $ - 1149 gold pieces Amulets z - an uncursed amulet of reflection C - a cursed amulet of strangulation (being worn) Weapons A - 3 rustproof +0 darts S - a rustproof +0 dart Armor m - an uncursed +0 dwarvish iron helm (being worn) a - an uncursed +2 pair of leather gloves (being worn) Y - an uncursed +1 pair of iron shoes (being worn) K - a blessed +3 shield of reflection (being worn) U - an uncursed +2 cloak of invisibility (being worn) Comestibles d - an uncursed clove of garlic j - 3 uncursed tripe rations Scrolls I - 6 cursed scrolls of blank paper M - an uncursed scroll of confuse monster s - a cursed scroll of confuse monster q - an uncursed scroll of create monster p - an uncursed scroll of enchant armor t - an uncursed scroll of teleportation Spellbooks w - a blessed spellbook of protection Q - a cursed spellbook of wizard lock Rings u - a cursed ring of conflict e - a cursed ring of free action D - a cursed +2 ring of gain constitution Z - an uncursed +1 ring of increase damage (on right hand) B - a cursed +3 ring of protection V - an uncursed ring of protection from shape changers r - a cursed ring of protection from shape changers l - a cursed ring of shock resistance o - an uncursed ring of stealth f - a cursed ring of teleportation Wands P - a cursed wand of create monster (0:14) x - a wand of lightning (0:1) J - a wand of magic missile (0:0) h - a wand of make invisible (0:4) Tools i - an empty uncursed bag of holding v - an empty uncursed sack L - an empty cursed sack F - an uncursed lock pick X - a blessed magic lamp k - a magic marker (0:70) G - a blessed oil lamp R - an uncursed oil lamp y - a +0 pick-axe H - an uncursed wet towel n - a +0 unicorn horn g - 6 uncursed wax candles Gems/Stones W - 3 uncursed amethyst stones N - an uncursed diamond c - 4 uncursed emeralds b - 2 uncursed jade stones O - a cursed jade stone E - an uncursed opal T - 2 uncursed rubies Gandelf the Monk's attributes: Background: You were an Initiate, a level 9 male human Monk. You were neutral, on a mission for Chih Sung-tzu who was opposed by Shan Lai Ching (lawful) and Huan Ti (chaotic). You were in the Dungeons of Doom, on level 6. You entered the dungeon 9639 turns ago. It was nighttime. There was a new moon in effect when your adventure ended. You had 3903 experience points, 1217 more were needed to attain level 10. Your score was 17231 before end-of-game adjustments. Basics: You had 0 out of 72 hit points. You had all 47 energy points (spell power). Your armor class was -6. Your wallet contained 1149 zorkmids. Autopickup was on for '$?!+/=' plus thrown. Final Characteristics: Your strength was 17 (limit:18/100). Your dexterity was 14 (limit:18). Your constitution was 14 (limit:18). Your intelligence was 8 (limit:18). Your wisdom was 18 (limit:18). Your charisma was 9 (limit:18). Final Status: You died from strangulation. You were not hungry. You were unencumbered. You were empty handed. You had expert skill with martial arts. Final Attributes: You were piously aligned. You were sleep resistant. You were poison resistant. You saw invisible. You were warned. You had automatic searching. You were invisible to others. You were stealthy. You had a small damage bonus (+1). You were warded. You were fast. You had reflection. You were unlucky. Chih Sung-tzu was angry with you. You are dead. Miscellaneous: You encountered 1 bones level. Total elapsed playing time was 3 hours, 36 minutes and 54 seconds. Major events: Turn 1: Gandelf the neutral male human Monk entered the dungeon 954: attained the rank of Novice (level 3) 1760: entered the Gnomish Mines 3893: made his first wish - "blessed +3 polished silver-shield", got "a polished silver shield" 4102: attained the rank of Initiate (level 6) 4964: reached Mine Town 6749: acquired the Mines' End luckstone 9459: destroyed Gandelf's ghost, the former Initiate 9476: destroyed Campos' ghost, the former Esquire 9536: destroyed Gandelf's ghost, the former Initiate 9548: just blew up his bag of holding 9639: killed by strangulation Vanquished creatures: 3 ghosts an elven monarch a water demon a small mimic 3 xans an ogre leader a gelatinous cube a freezing sphere a gargoyle a leocrotta an energy vortex a mountain centaur a crocodile a lynx 2 panthers 2 leprechauns 2 iron piercers 3 mumakil a giant spider 2 black lights 3 gnome rulers a rust monster a yeti 2 werewolves a chickatrice a white unicorn a soldier ant a bugbear an imp a water nymph 3 orc shamans a rock piercer a rock mole 2 fog clouds a yellow light 15 gnome leaders 5 gnomish wizards a kobold mummy a gray ooze a barrow wight an elf zombie a straw golem a paper golem 4 giant ants 2 floating eyes a kitten 16 dwarves a homunculus 2 kobold shamans 6 hill orcs a giant bat an orc zombie 5 dwarf zombies 8 iguanas 9 killer bees an acid blob 5 hobbits 3 large kobolds 2 hobgoblins 6 cave spiders a yellow mold a red mold 61 gnomes a gecko 10 jackals a kobold a goblin 6 grid bugs 5 lichens a kobold zombie 8 newts 246 creatures vanquished. No species were genocided or became extinct. Voluntary challenges: You read items or engraved 6 times. You never engraved Elbereth. You never genocided any monsters. You never polymorphed an object. You never changed form. You used 1 wish. You did not wish for any artifacts. Achievements: You entered a shop. You attained the rank of Novice. You entered the Gnomish Mines. You attained the rank of Initiate. You entered Minetown. You entered a temple. You completed the Gnomish Mines. The Dungeons of Doom: levels 1 to 6 Level 1: Many altars. Level 2: Stairs down to The Gnomish Mines. Level 3: A sink. Level 4: A general store. Level 5: Some altars. Level 6: <- You were here. A grave. Final resting place for you, killed by strangulation, Campos-Kni-Hum-Mal-Law, killed by a mumak, Campos-Kni-Hum-Mal-Law, killed by a mumak, Gandelf-Mon-Hum-Mal-Neu, killed by an Elvenqueen called Edhelreth, Gandelf-Mon-Hum-Mal-Neu, killed by a mumak. The Gnomish Mines: levels 3 to 10 Level 3: Level 4: Level 5: Level 6: A lighting shop, a temple to Chih Sung-tzu, some fountains. Level 7: Level 8: Level 9: Level 10: Game over: ---------- / \ / REST \ / IN \ / PEACE \ / \ | Gandelf | | 1149 Au | | killed by | | strangulation | | | | | | 2023 | *| * * * | * _________)/\\_//(\/(/\)/\//\/|_)_______ Goodbye Gandelf the Monk... You died in The Dungeons of Doom on dungeon level 6 with 17117 points, and 1149 pieces of gold, after 9639 moves. You were level 9 with a maximum of 72 hit points when you died.